 Dungeon Crawl Stone Soup version 0.29-a0-322-g68df515428 (webtiles) character file.

Game seed: 6744745948324799378

4469 avis the Grappler (level 10, -1/94 HPs)
             Began as a Hill Orc Monk on Apr 9, 2022.
             Was a Priest of Beogh.
             Slain by a death yak (21 damage)
             ... on level 8 of the Dungeon.
             The game lasted 00:49:29 (8540 turns).

avis the Grappler (Hill Orc Monk)                   Turns: 8540, Time: 00:49:30

Health: -1/94      AC: 16    Str: 15    XL:     10   Next: 37%
Magic:  11/11      EV: 12    Int: 14    God:    Beogh [***...]
Gold:   815        SH:  0    Dex: 13    Spells: 9/9 levels left

rFire   . . .      SeeInvis .   a - +7 captain's cutlass {speed, disarm}
rCold   . . .      Faith    +   (no shield)
rNeg    . . .      Spirit   .   h - +2 robe {Will+}
rPois   .          Reflect  .   (no helmet)
rElec   .          Harm     .   E - +1 cloak
rCorr   .          Rampage  .   B - +0 pair of gloves
Will    +....                   i - +0 pair of boots
Stlth   ++........              D - amulet of faith
HPRegen 0.25/turn               l - +4 ring of protection
MPRegen 0.12/turn               q - +4 ring of protection

@: no status effects
A: no striking features
a: Renounce Religion, Smiting


You were on level 8 of the Dungeon.
You worshipped Beogh.
Beogh was most pleased with you.
You visited 2 branches of the dungeon, and saw 9 of its levels.
You also visited: Sewer and Ossuary.

You collected 815 gold pieces.

Inventory:

Hand Weapons
 a - the +7 captain's cutlass (weapon) {speed, disarm}
   (You found it in a sewer)

   Attacks with this weapon are significantly faster.
   It may disarm weapon-wielding foes when striking them, dealing extra damage
   in the process.
 b - a +1 hunting sling of flaming
 w - a +2 vampiric short sword
Missiles
 n - 29 poisoned darts (quivered)
 A - 2 javelins
Armour
 h - a +2 robe of willpower (worn)
 i - a +0 pair of boots (worn)
 p - a +0 chain mail
 t - a +0 buckler
 y - a +0 plate armour
 B - a +0 pair of gloves (worn)
 E - a +1 cloak (worn)
Jewellery
 l - a +4 ring of protection (left hand)
 q - a +4 ring of protection (right hand)
 x - a ring of poison resistance
 D - an amulet of faith (around neck)
 X - a ring of wizardry
Wands
 d - a wand of iceblast (14)
 P - a wand of charming (7)
Scrolls
 j - a scroll of brand weapon {unknown}
 m - 6 scrolls of teleportation
 s - 3 scrolls of blinking
 v - a scroll of summoning {unknown}
 C - 2 scrolls of magic mapping
 F - 2 scrolls of fear {unknown}
 G - a scroll of noise {unknown}
 K - a scroll of amnesia {unknown}
 L - a scroll of silence {unknown}
 M - a scroll of acquirement {unknown}
 O - a scroll of enchant armour
 R - a scroll of torment {unknown}
 V - a scroll of holy word {unknown}
Potions
 c - a potion of might {unknown}
 e - 8 potions of curing
 f - 2 potions of magic
 g - 2 potions of attraction
 k - 2 potions of invisibility
 o - 3 potions of heal wounds
 r - 3 potions of berserk rage
 u - a potion of ambrosia
 z - 8 potions of flight
 H - 2 potions of lignification {unknown}
 I - 3 potions of haste
 J - a potion of resistance {unknown}


   Skills:
 + Level 10.5 Fighting
 - Level 3.0 Armour
 - Level 2.4 Dodging
 - Level 1.5 Stealth
 * Level 13.3 Unarmed Combat
 - Level 2.0 Invocations


You had 9 spell levels left.
You didn't know any spells.
Your spell library contained the following spells:

 Spells                   Type           Power      Damage    Failure   Level
 Foxfire                  Conj/Fire      0%         2x1d4     28%         1
 Shock                    Conj/Air       0%         1d3       28%         1
 Conjure Flame            Conj/Fire      0%         6-21      65%         3
 Inner Flame              Hex/Fire       0%         N/A       65%         3
 Swiftness                Air            0%         N/A       65%         3
 Tukima's Dance           Hex            0%         N/A       65%         3
 Airstrike                Air            0%         N/A       96%         4
 Flame Wave               Conj/Fire      0%         2d4       96%         4
 Leda's Liquefaction      Hex/Erth       0%         N/A       96%         4
 Enfeeble                 Hex            0%         N/A       100%        7


Dungeon Overview and Level Annotations

Branches:
Dungeon (8/15)             Temple (1/1) D:4           Sewer (visited)
Ossuary (visited)
   Lair: D:8-11

Altars:
Cheibriados
Ru
Trog
Lugonu

Shops:
D:1 =

Portals:
Abyss: D:3

Annotations:
D:3 2 runed translucent doors


Message History

The yak gores you.
You hit the yak.
You kill the yak!
Beogh accepts your kill.
Your orc warrior looks more experienced.
You feel the dreadful sensation subside.
Your hands tingle!
a - the +7 captain's cutlass (weapon)
{speed, disarm} The death yak gores you but does no damage.
You hit the death yak. You punch the death yak.
The death yak is lightly wounded.
The death yak misses you.
You hit the death yak.
The death yak is lightly wounded.
You hit the death yak but do no damage.
The death yak is lightly wounded.
The death yak gores you.
You hit the death yak.
The death yak is lightly wounded.
The death yak gores you.
You puncture the death yak!
The death yak is moderately wounded.
The death yak gores you!
You hit the death yak but do no damage.
The death yak is moderately wounded.
The death yak gores you.
You puncture the death yak!
The death yak is moderately wounded.
You hit the death yak but do no damage.
The death yak is moderately wounded.
The yak snorts and paws the ground.
The death yak gores you!
You hit the death yak.
The death yak is heavily wounded.
The death yak gores you!
* * * LOW HITPOINT WARNING * * *
You hit the death yak.
The death yak is heavily wounded.
The death yak gores you!!
You die...

......... #.##......###..####
.........## #.#####.#.# #......
......###.#####.# #...###..####
.......#..... ..# #.#......#
........##.# ### #.###..#.#
........#..# #.##...#.#
...........### #.##)#.#.#
###.........Y########.##)#>#.####
#.........YYYY@o.....<.........
#)).......Y#######.############
#)....≈≈...# #.# ..'†..≈≈≈≈≈..#
#.# ≈≈'≈≈≈≈≈≈≈≈≈.# #.# #
..'...≈≈≈≈≈..## #.# #
#+#....≈≈≈≈...# #.# #
#......≈....# #.# # #...........#
#.# #


You could see a death yak (ally target), 5 yaks and a friendly orc warrior.

Vanquished Creatures
  A two-headed ogre (D:5)
  Pikel (D:4)
  7 yaks
  An orc warrior (D:8)
  3 black bears
  An ogre (D:7)
  A centaur (D:7)
  A phantom (D:6)
  3 lemures (D:4)
  4 bullfrogs
  3 kobold brigands (D:8)
  A gnoll sergeant (D:8)
  2 scorpions
  A necrophage (D:8)
  5 wights (D:7)
  5 killer bees
  2 electric eels (D:8)
  3 hounds
  An orc priest (D:6)
  A jelly (D:5)
  An iguana (D:5)
  4 orc wizards
  8 mummies (Ossuary)
  6 gnolls
  5 adders
  A shadow imp (D:5)
  A white imp (D:6)
  2 ufetubi
  3 worms
  2 dart slugs
  11 orcs
  12 ball pythons
  3 bats
  2 endoplasms
  19 giant cockroaches
  3 gnoll zombies (Ossuary)
  7 goblins
  5 hobgoblins
  3 jackals (D:5)
  21 kobolds
  8 quokkas
  14 frilled lizards
  A hobgoblin zombie (Ossuary)
  2 kobold zombies (Ossuary)
  2 orc zombies (Ossuary)
  2 rats (D:2)
195 creatures vanquished.

Vanquished Creatures (others)
  A black bear (D:5)
  An orc priest (D:5)
  2 orcs
  A demonic plant (D:1)
5 creatures vanquished.

Grand Total: 200 creatures vanquished

Notes
Turn   | Place    | Note
-------+----------+-------------------------------------------
     0 | D:1      | avis the Hill Orc Monk began the quest for the Orb.
     0 | D:1      | Reached XP level 1. HP: 19/19 MP: 1/1
   179 | D:1      | Reached XP level 2. HP: 15/27 MP: 2/2
   527 | D:1      | Found Fedaeppu's Jewellery Shoppe.
   889 | D:1      | Found a faded altar of an unknown god.
   889 | D:1      | Noticed a Tzitzimitl
   959 | D:2      | Reached skill level 4 in Unarmed Combat
  1192 | D:2      | Reached XP level 3. HP: 33/33 MP: 3/3
  2046 | D:3      | Got the Collected Works on Beguiling
  2102 | D:2      | Reached XP level 4. HP: 19/41 MP: 4/4
  2316 | D:3      | Reached skill level 5 in Unarmed Combat
  2443 | D:3      | Found a large runed translucent door.
  2443 | D:3      | Found a large runed translucent door.
  2447 | D:3      | Found a corrupted altar of Lugonu.
  2484 | D:3      | Found a one-way gate to the infinite horrors of the Abyss.
  2651 | D:3      | Noticed a black bear
  2673 | D:3      | Killed a black bear
  2674 | D:3      | Reached skill level 5 in Fighting
  2674 | D:3      | Reached XP level 5. HP: 45/48 MP: 5/5
  2748 | D:3      | Reached skill level 6 in Unarmed Combat
  2789 | D:3      | Reached XP level 6. HP: 55/56 MP: 6/6
  3249 | D:4      | Found a staircase to the Ecumenical Temple.
  3255 | Temple   | Entered the Ecumenical Temple
  3303 | D:4      | Noticed Pikel
  3565 | D:4      | Killed Pikel
  3566 | D:4      | Reached skill level 7 in Unarmed Combat
  3566 | D:4      | Reached XP level 7. HP: 13/64 MP: 7/7
  4499 | D:5      | Entered Level 5 of the Dungeon
  4510 | D:4      | Reached skill level 8 in Unarmed Combat
  4544 | D:5      | Found a sand-covered staircase.
  4555 | Ossuary  | Entered an ossuary
  4596 | Ossuary  | Reached skill level 1 in Armour
  4663 | Ossuary  | Reached XP level 8. HP: 52/73 MP: 8/8
  4850 | D:5      | Found a glowing drain.
  4867 | Sewer    | Entered a sewer
  5075 | Sewer    | Found the +7 captain's cutlass {speed, disarm}
  5123 | Sewer    | Reached skill level 9 in Unarmed Combat
  5343 | D:5      | Became a worshipper of Beogh the Brigand
  5343 | D:5      | Reached * piety under Beogh
  5343 | D:5      | Reached ** piety under Beogh
  5371 | D:5      | Noticed a two-headed ogre
  5378 | D:5      | Killed a two-headed ogre
  5379 | D:5      | Reached skill level 10 in Unarmed Combat
  5379 | D:5      | Reached skill level 1 in Invocations
  5396 | D:5      | Found a sacrificial altar of Ru.
  5439 | D:5      | Reached XP level 9. HP: 59/81 MP: 9/9
  6383 | D:5      | Reached skill level 11 in Unarmed Combat
  6805 | D:6      | Found a bloodstained altar of Trog.
  7088 | D:7      | Reached skill level 12 in Unarmed Combat
  7107 | D:7      | Identified the +0 plate armour of Trumpets {rF+}
  7147 | D:7      | Found a snail-covered altar of Cheibriados.
  7355 | D:7      | Reached XP level 10. HP: 81/93 MP: 11/11
  7415 | D:7      | Reached *** piety under Beogh
  7450 | D:7      | Reached skill level 10 in Fighting
  8104 | D:8      | Reached skill level 13 in Unarmed Combat
  8487 | D:8      | Noticed a death yak
  8540 | D:8      | Slain by a death yak

Illustrated notes

Levels and vault maps discovered:
D:1:      dpeg_arrival_line_fractal, layout_basic,
          dreamdust_ecumenical_altar_sealed_demon, serial_shops,
          nicolae_shop_hallway_stairs
D:2:      layout_loops_corners
D:3:      due_chaos_kobolds, layout_basic, minmay_pentangle
D:4:      layout_loops_ring, minmay_temple_entry_enclosed_plants,
          minmay_between, uniq_pikel
D:5:      layout_rooms, nicolae_ru_awakened_eye, gup_sewer_entry_pipe,
          enter_ossuary_1
D:6:      layout_cave_pools, mainiacjoe_overflow_alcove_4
D:7:      layout_rooms, amcnicky_altar_gilded
D:8:      argonaut_augean_stables, layout_loops_ring,
          mainiacjoe_overflow_six_doors_small, kennysheep_generic_room_11
Temple:   mainiacjoe_temple_coin_purse

Skill      XL: |  1  2  3  4  5  6  7  8  9 10 |
---------------+-------------------------------+-----
Fighting       | 4 5 6 7 8 9 10 | 10.5
Unarmed Combat | 4 5 6 7 8 10 12 13 | 13.3
Armour         | 1 2 3 |  3.0
Invocations    | 1 2 |  2.0
Dodging        | |  2.4
Stealth        | |  1.5

Action                   |  1- 3 |  4- 6 |  7- 9 | 10-12 || total
-------------------------+-------+-------+-------+-------++-------
Melee: Unarmed           |   105 |   156 |   109 |       ||   370
       Punch             |     3 |     8 |    18 |     8 ||    37
       Short sword       |       |       |    34 |    15 ||    49
       Cutlass           |       |       |   158 |   121 ||   279
 Fire: Hunting sling     |       |       |    87 |       ||    87
Throw: Dart              |       |     3 |     4 |       ||     7
Invok: Convert to Beogh  |       |       |     1 |       ||     1
  Use: Scroll            |       |     6 |     7 |     2 ||    15
       Potion            |       |       |     1 |       ||     1
 Stab: Sleeping          |     4 |     2 |     2 |     1 ||     9
       Distracted        |       |     1 |     1 |       ||     2
Armor: Robe              |    26 |    72 |   115 |    47 ||   260
Dodge: Dodged            |    47 |   102 |   145 |    60 ||   354

Table legend: (Time is in decaauts)
 A = Elapsed time spent in this place.
 B = Non-inter-level travel time spent in this place.
 C = Inter-level travel time spent in this place.
 D = Time resting spent in this place.
 E = Time spent auto-exploring this place.
 F = Levels seen in this place.
 G = Mean time per level.
                   A        B        C        D        E       F      G
               +--------+--------+--------+--------+--------+-----+--------+
         Total |   8585 |   7666 |    919 |   1191 |   3503 |  11 |  780.5 |
       Dungeon |   7787 |   6869 |    918 |   1191 |   3396 |   8 |  973.4 |
        Temple |     39 |     38 |      1 |      0 |      0 |   1 |   39.0 |
         Sewer |    520 |    520 |      0 |      0 |    107 |   1 |  520.0 |
       Ossuary |    237 |    237 |      0 |      0 |      0 |   1 |  237.0 |
               +--------+--------+--------+--------+--------+-----+--------+

Top non-repeatable levels by time:
     D:4: 1459 daAuts
     D:5: 1393 daAuts
     D:2: 1231 daAuts
     D:1: 1030 daAuts
     D:3: 897 daAuts
     D:7: 704 daAuts
     D:6: 536 daAuts
     D:8: 534 daAuts
   Sewer: 520 daAuts
 Ossuary: 237 daAuts
  Temple: 39 daAuts
